 Dungeon Crawl Stone Soup version 0.21-a0-91-ga5031da (webtiles) character file.

1691 Ordine the Carver (level 9, -1/63 HPs)
             Began as an Octopode Fighter on June 27, 2017.
             Killed from afar by an orc wizard (9 damage)
             ... with a magic dart
             ... on level 7 of the Dungeon.
             The game lasted 00:14:22 (7174 turns).

Ordine the Carver (Octopode Fighter)                Turns: 7174, Time: 00:14:23

Health: -1/63      AC:  1    Str: 23    XL:     9   Next: 2%
Magic:  9/9        EV: 12    Int: 10    God:
Gold:   346        SH: 12    Dex: 15    Spells: 8/8 levels left

rFire    . . .     SeeInvis .   a - +1 long sword
rCold    . . .     Gourm    .   b - +1 shield
rNeg     . . .     Faith    .   (helmet restricted)
rPois    .         Spirit   .   D - amulet of regeneration
rElec    .         Reflect  .   e - ring of resist corrosion
rCorr    +         Harm     .   k - +5 ring of strength
MR       .....                  f - +3 ring of strength
Stlth    +++.......             A - ring of stealth
HPRegen  0.60/turn              (no ring)
MPRegen  0.11/turn              (no ring)
                                (no ring)
                                (no ring)

@: no status effects
A: almost no armour, stealthy swim, amphibious, 8 rings, constrict 8, camouflage
1, gelatinous body 1
a: no special abilities


You were on level 7 of the Dungeon.
You were not hungry.

You visited 2 branches of the dungeon, and saw 8 of its levels.

You collected 346 gold pieces.

Inventory:

Hand Weapons
 a - a +1 long sword (weapon)
Armour
 b - a +1 shield (worn)
Jewellery
 e - a ring of resist corrosion (left tentacle)
 f - a +3 ring of strength (on tentacle)
 k - a +5 ring of strength (right tentacle)
 m - an uncursed ring of ice
 A - a ring of stealth (on tentacle)
 D - an amulet of regeneration (around mantle)
Wands
 s - a wand of confusion (34/48)
 u - a wand of disintegration (9/24)
 x - a wand of acid (7/15)
Scrolls
 i - 8 scrolls of teleportation
 t - 2 scrolls of enchant armour
 v - a scroll of recharging
 w - a scroll of fog
 y - a scroll of remove curse
 z - a scroll of enchant weapon
Potions
 c - 2 potions of might
 g - 2 potions of haste {unknown}
 h - a potion of ambrosia
 l - 2 potions of degeneration {unknown}
 n - 4 potions of mutation {unknown}
 o - 2 potions of lignification {unknown}
 p - 2 potions of cancellation {unknown}
 q - a potion of resistance {unknown}
 r - a potion of flight {unknown}
 B - a potion of curing {unknown}
 C - a potion of magic {unknown}
 E - a potion of heal wounds {unknown}
Comestibles
 d - 4 bread rations
 j - 8 meat rations


   Skills:
 + Level 6.5 Fighting
 * Level 8.2 Long Blades
 - Level 3.0 Dodging
 + Level 6.0 Shields


You had 8 spell levels left.
You didn't know any spells.

Dungeon Overview and Level Annotations

Branches:
Dungeon (7/15)             Temple (1/1) D:5

Altars:
Cheibriados
Dithmenos
Fedhas
Gozag
Hepliaklqana
Kikubaaqudgha
Makhleb
Nemelex Xobeh
Qazlal
Ru
Sif Muna
Trog
Uskayaw
Vehumet
Wu Jian
Xom
Zin
The Shining One

Shops:
D:4 [   D:5 =

Annotations:
D:6 exclusion: door


Innate Abilities, Weirdness & Mutations

You cannot wear most types of armour.
You are very stealthy in the water. (Stealth+)
You are amphibious.
You can wear up to eight rings at the same time.
You can use your tentacles to constrict eight enemies at once.
Your skin changes colour to match your surroundings (Stealth+).
Your rubbery body absorbs attacks. (AC +1, EV +1)


Message History

You feel agile. The orc priest barely misses you. You block the orc's attack.
You hit the orc priest. You grab the orc priest.
The orc priest is heavily wounded.
You constrict the orc priest. The orc priest hits you with a whip.
The orc hits you with a hand axe.
You hit the orc priest.
The orc priest is severely wounded.
You constrict the orc priest.
The orc priest invokes the aid of Beogh against you.
Pain shoots through your body!
* * * LOW HITPOINT WARNING * * *
You block the orc's attack.
Unknown command.
Okay, then.
You slash the orc priest!
You kill the orc priest!
The orc wizard casts a spell at you. The magic dart hits you!
You die...

##...############
#..............##
##.......####...##
######### ##...#
##..# #..# ###..#
########?o.<#
o...o..%.)@##
.o......))##
###########


You could see an orc wizard and an orc.

Vanquished Creatures
  Prince Ribbit (D:5)
  Menkaure (D:5)
  2 orc warriors (D:6)
  An ice beast (D:5)
  The ghost of ciphuk the Digger, an amateur DDEE (D:3)
  2 ogres
  2 bullfrogs (D:6)
  A scorpion (D:4)
  A centaur zombie (D:5)
  2 crimson imps (D:3)
  2 hounds
  3 orc priests (D:7)
  A bullfrog skeleton (D:7)
  2 iguanas (D:5)
  Terence (D:3)
  2 worker ants (D:4)
  A hound skeleton (D:5)
  4 gnolls (D:2)
  10 adders
  A shadow imp (D:7)
  3 worms
  2 leopard geckos
  16 orcs
  2 giant cockroaches
  10 goblins
  5 hobgoblins
  7 jackals
  9 kobolds
  2 quokkas (D:3)
  2 ball pythons
  11 bats
  5 frilled lizards
  A jackal skeleton (D:5)
  A quokka zombie (D:5)
  6 rats
123 creatures vanquished.

Notes
Turn   | Place    | Note
-------+----------+-------------------------------------------
     0 | D:1      | Ordine the Octopode Fighter began the quest for the Orb.
     0 | D:1      | Reached XP level 1. HP: 16/16 MP: 1/1
   240 | D:1      | Reached XP level 2. HP: 19/21 MP: 2/2
   713 | D:1      | Reached XP level 3. HP: 19/26 MP: 3/3
  1022 | D:2      | Reached skill level 3 in Long Blades
  1177 | D:2      | Reached XP level 4. HP: 32/32 MP: 4/4
  1612 | D:2      | Reached XP level 5. HP: 36/37 MP: 5/5
  1615 | D:2      | Reached skill level 4 in Long Blades
  1926 | D:3      | Noticed Terence
  1936 | D:3      | Killed Terence
  1951 | D:3      | Noticed ciphuk's ghost (amateur DDEE)
  2033 | D:3      | Killed ciphuk's ghost
  2033 | D:3      | Reached XP level 6. HP: 39/44 MP: 6/6
  2218 | D:3      | Found a hazy altar of Hepliaklqana.
  2326 | D:3      | Found a shadowy altar of Dithmenos.
  2531 | D:3      | Found a shimmering altar of Xom.
  2643 | D:3      | Reached skill level 5 in Long Blades
  2739 | D:4      | Found Ihethac's Armour Boutique.
  2826 | D:4      | Found a burning altar of Makhleb.
  2874 | D:4      | Reached XP level 7. HP: 32/49 MP: 7/7
  3099 | D:4      | Found a deep blue altar of Sif Muna.
  3145 | D:4      | Found a sparkling altar of Nemelex Xobeh.
  3223 | D:4      | Found an opulent altar of Gozag.
  3619 | D:5      | Entered Level 5 of the Dungeon
  3908 | D:5      | Found a staircase to the Ecumenical Temple.
  3914 | Temple   | Entered the Ecumenical Temple
  4422 | D:5      | Reached skill level 5 in Fighting
  4496 | D:5      | Reached skill level 6 in Long Blades
  4597 | D:5      | Noticed Prince Ribbit
  4600 | D:5      | Noticed Menkaure
  4612 | D:5      | Killed Menkaure
  4687 | D:5      | Reached XP level 8. HP: 32/56 MP: 8/8
  5098 | D:5      | Reached skill level 5 in Shields
  5121 | D:5      | Found Keom's Jewellery Shoppe.
  5125 | D:5      | Killed Prince Ribbit
  5125 | D:5      | Reached skill level 7 in Long Blades
  6009 | D:6      | Found an ornate altar of the Wu Jian Council.
  6146 | D:6      | Found a stormy altar of Qazlal.
  7066 | D:6      | Noticed a manticore
  7109 | D:6      | Reached skill level 8 in Long Blades
  7171 | D:7      | Reached XP level 9. HP: 27/63 MP: 9/9
  7174 | D:7      | Killed from afar by an orc wizard

Vault maps used:
D:1:      roderic_crossed_star
D:2:      cheibrodos_old_hovel, eino_tiny_chamber,
          minmay_randomly_rotated_circles
D:3:      nicolae_overflow_hidden_temple,
          nicolae_dithmenos_through_a_glass_darkly, led_xom_imps, uniq_terence
D:4:      overflow_temple_1_default, nemelex_xobeh_ov_fountains_minmay,
          lemuel_coloured_pillars_altar, first_bread, serial_shops, shop,
          fountainhead, minmay_misc_feat_plants, led_sif_pool
D:5:      minmay_temple_entry_hall, serial_shops, shop, st_stairs_6,
          uniq_menkaure, uniq_prince_ribbit1
D:6:      minmay_klotski, old_standard_altar, lemuel_crystal_altar
D:7:      marbit_many_paths
Temple:   jpeg_temple_island

Skill      XL: |  1  2  3  4  5  6  7  8 |
---------------+-------------------------+-----
Long Blades    | 3 4 5 6 8 |  8.2
Fighting       | 4 5 6 |  6.5
Shields        | 4 6 |  6.0
Dodging        | |  3.0

Action                   |  1- 3 |  4- 6 |  7- 9 || total
-------------------------+-------+-------+-------++-------
Melee: Long sword        |    53 |    91 |    98 ||   242
       Constrict         |    19 |    31 |    28 ||    78
       Tentacles         |    10 |    23 |    38 ||    71
  Use: Scroll            |     2 |     6 |     4 ||    12
       Potion            |       |     1 |     3 ||     4
 Stab: Sleeping          |     1 |     2 |     4 ||     7
       Distracted        |       |       |     1 ||     1
  Eat: Chunk             |     1 |     5 |     9 ||    15
       Bread ration      |       |       |     1 ||     1
Armor: Skin              |     2 |     8 |       ||    10
Dodge: Dodged            |    18 |    28 |    36 ||    82
Block: Shield            |    19 |    42 |    39 ||   100
       Rpst.: Long sword |     5 |    13 |    15 ||    33
